 Dungeon Crawl Stone Soup version 0.14-a0-181-gf6fe0c6 (webtiles) character file.

124 Duskembrace the Insei (level 4, 0/32 HPs)
             Began as a Demonspawn Transmuter on Oct 8, 2013.
             Killed by divine providence
             ... invoked by an orc priest
              (13 damage)
             ... on Level 3 of the Dungeon.
             The game lasted 00:09:35 (3069 turns).

Duskembrace the Insei (Demonspawn Transmuter)       Turns: 3069, Time: 00:09:35

HP   0/32        AC  3     Str 11      XL: 4   Next: 32%
MP   1/6         EV 12     Int 15      God:
Gold 34          SH  0     Dex 13      Spells:  2 memorised,  4 levels left

Res.Fire  : . . .   See Invis. : .     - Unarmed
Res.Cold  : . . .   Warding    : .   c - +0 robe
Life Prot.: . . .   Conserve   : .   (no shield)
Res.Poison: .       Res.Corr.  : .   (no helmet)
Res.Elec. : .       Clarity    : .   (no cloak)
Sust.Abil.: . .     Spirit.Shd : .   (no gloves)
Res.Mut.  : .       Stasis     : .   (no boots)
Res.Rott. : .       Flight     : .   (no amulet)
Saprovore : . . .                    (no ring)
                                     (no ring)

@: very slightly contaminated, slightly resistant to hostile enchantments,
unstealthy
A: talons 1, AC +1
a: no special abilities


You were on level 3 of the Dungeon.
You were hungry.

You visited 1 branch of the dungeon, and saw 3 of its levels.

You collected 14 gold pieces.

Inventory:

Missiles
 b - 12 arrows
 k - a dart of frost (quivered)
 q - 4 javelins of penetration
Armour
 c - a +0 robe (worn)
Comestibles
 a - a bread ration
 m - a meat ration
 n - an apple
 o - 4 chunks of orc flesh
Scrolls
 f - a scroll of fear {unknown}
 g - a scroll of curse jewellery {unknown}
 i - 2 scrolls of identify {unknown}
 j - 2 scrolls of amnesia {unknown}
 l - 2 scrolls of enchant armour {unknown}
 p - a scroll of remove curse {unknown}
Potions
 e - a potion of curing {unknown}
 h - a potion of brilliance {unknown}
Books
 d - a book of Changes

   Spells                             Type                      Level
   *Beastly Appendage                 Transmutation                1
   Sticks to Snakes                   Transmutation                2
   *Spider Form                       Transmutation/Poison         3
   Ice Form                           Ice/Transmutation            4
   Blade Hands                        Transmutation                5


   Skills:
 + Level 1.2 Fighting
 + Level 2.5 Dodging
 + Level 0.4 Stealth
 + Level 3.3 Unarmed Combat
 + Level 2.6 Spellcasting
 + Level 2.4 Transmutations


You had 4 spell levels left.
You knew the following spells:

 Your Spells              Type           Power        Failure   Level  Hunger
a - Beastly Appendage     Trmt           #.....       10%         1    #......
b - Spider Form           Trmt/Pois      #.........   43%         3    ####...


Dungeon Overview and Level Annotations

Branches:
Dungeon (3/27)

Altars:


Innate Abilities, Weirdness & Mutations

You have sharp toenails.*
You are partially covered in molten scales (AC +1).*


Message History

Deactivating autopickup; reactivate with Ctrl-A.
Ouch! You feel less confused.
The orc priest mumbles some strange prayers to Beogh against you.
Something smites you!
Casting: Beastly Appendage
Confirm with . or Enter, or press ? or * to list all spells.
You miscast Spider Form.
You are very lightly contaminated with residual magic.
You smell something strange.
Casting: Spider Form
Confirm with . or Enter, or press ? or * to list all spells.
You miscast Spider Form.
You feel sick.
The orc priest's eyes start to glow.
The orc priest mumbles some strange prayers to Beogh against you.
The puff of flame hits you! The puff of flame hits you!
The orc priest calls down the wrath of Beogh upon you.
Something smites you!
You die...

#.# #....
... #.#
#.... ..#
#.# #.....
#%# #...
#.#########.
#.%.........
#...........
#......####
#.####@# #.#
#.# #.# #.#
#.# #.# #.#
#.# #.# #.#
#.# #{#
#.####o#
#......###


You could see an orc priest.

Vanquished Creatures
  A gnoll (D:1)
  2 adders (D:3)
  4 giant geckos (D:2)
  7 orcs (D:3)
  9 bats
  2 giant cockroaches
  14 goblins
  2 hobgoblins (D:2)
  2 giant newts
  3 kobolds
  3 rats (D:1)
49 creatures vanquished.

Notes
Turn   | Place    | Note
--------------------------------------------------------------
     0 | D:1      | Duskembrace, the Demonspawn Transmuter, began the quest for the Orb.
     0 | D:1      | Reached XP level 1. HP: 15/15 MP: 1/1
   416 | D:1      | Gained mutation: You are partially covered in molten scales (AC +1). [demonic ancestry]
   416 | D:1      | Reached XP level 2. HP: 12/21 MP: 0/3
   665 | D:1      | Reached skill level 3 in Unarmed Combat
  1008 | D:1      | Gained mutation: You have sharp toenails. [demonic ancestry]
  1008 | D:1      | Reached XP level 3. HP: 26/26 MP: 4/4
  1323 | D:2      | Learned a level 3 spell: Spider Form
  2389 | D:3      | Reached XP level 4. HP: 8/32 MP: 4/6
  3069 | D:3      | Killed from afar by an orc priest

Action                   |  1- 3 |  4- 6 || total
-------------------------+-------+-------++-------
Melee: Unarmed           |   143 |    31 ||   174
 Cast: Beastly Appendage |    25 |     2 ||    27
       Spider Form       |       |     1 ||     1
